 Dungeon Crawl Stone Soup version 0.31-a0-217-g58bb5d79cf (webtiles) character file.

Game seed: 17007825744581111413

646 Zonian the Magician (level 7, 0/36 HPs)
             Began as a Deep Elf Ice Elementalist on July 2, 2023.
             Slain by a gnoll
             ... wielding a +0 halberd
             ... led by a gnoll bouda
              (12 damage)
             ... on level 7 of the Dungeon.
             The game lasted 00:08:21 (5592 turns).

Zonian the Magician (Deep Elf Ice Elementalist)     Turns: 5592, Time: 00:08:21

Health: 0/36       AC:  3    Str:  5    XL:     7   Next: 27%
Magic:  17/20      EV: 13    Int: 22    God:
Gold:   288        SH:  0    Dex: 15    Spells: 10/21 levels left

rFire   . . .        c - +0 rapier
rCold   + . .        (no shield)
rNeg    . . .        a - +0 robe
rPois   .            g - +0 helmet
rElec   .            (no cloak)
rCorr   .            (no gloves)
SInv    .            (no boots)
Will    .....        i - amulet of regeneration
Stlth   ++           k - ring of flight
HPRegen 1.06/turn    f - ring of protection from cold
MPRegen 0.17/turn

%: no passive effects
@: freezing walls, flying
A: no striking features
a: no special abilities


You were on level 7 of the Dungeon.
You visited 1 branch of the dungeon, and saw 7 of its levels.

You collected 288 gold pieces.

Inventory:

Hand Weapons
 c - a +0 rapier (weapon)
 o - a +0 short sword of chaos
 t - a +3 mace of freezing
Missiles
 e - 3 boomerangs
 j - 7 poisoned darts
 m - 50 stones
 q - 6 javelins
Armour
 a - a +0 robe (worn)
 g - a +0 helmet (worn)
Jewellery
 f - a ring of protection from cold (right hand)
 i - an amulet of regeneration (around neck)
 k - a ring of flight (left hand)
 w - a ring of fire
Scrolls
 h - 4 scrolls of teleportation
 p - 2 scrolls of vulnerability {unknown}
 u - 2 scrolls of noise {unknown}
 v - a scroll of fear {unknown}
 x - 2 scrolls of blinking {unknown}
Potions
 b - a potion of magic
 d - 2 potions of brilliance
 l - a potion of heal wounds
 n - 2 potions of attraction
 r - 2 potions of mutation
 s - a potion of resistance
 z - a potion of might {unknown}


   Skills:
 - Level 2.7 Dodging
 - Level 2.8 Stealth
 + Level 7.6 Spellcasting
 + Level 1.1 Summonings
 + Level 7.4 Ice Magic


You had 10 spell levels left.
You knew the following spells:

 Your Spells              Type           Power      Damage    Failure   Level
a - Freeze                Ice            100%       1d10      1%          1
b - Frozen Ramparts       Ice            82%        1d13      1%          3
c - Ozocubu's Armour      Ice            41%        N/A       1%          3
d - Summon Ice Beast      Ice/Summ       27%        N/A       13%         4

Your spell library contained the following spells:

 Spells                   Type           Power      Damage    Failure   Level
 Summon Small Mammal      Summ           52%        N/A       4%          1
 Call Canine Familiar     Summ           13%        N/A       14%         3
 Ice Form                 Ice/Tmut       24%        N/A       17%         4
 Summon Guardian Golem    Hex/Summ       10%        N/A       19%         3


Dungeon Overview and Level Annotations

Branches:
Dungeon (7/15)
 Temple: D:4-7

Altars:
Dithmenos
Fedhas
Xom


Message History

The gnoll shouts!
You hit the gnoll.
The gnoll is lightly wounded.
The gnoll barely misses you.
A gnoll comes into view. It is wielding a +0 whip.
A gnoll bouda comes into view. It is wielding a +0 club.
You barely miss the gnoll.
The gnoll is lightly wounded.
The gnoll bouda shouts!
The gnoll hits you with a +0 whip.
A white imp comes into view.
Unknown command.
Casting: Frozen Ramparts (safe; 1% risk of failure)
Confirm with . or Enter, or press ? or * to list all spells.
Casting: Frozen Ramparts (safe; 1% risk of failure)
Press: ? - help, Dir - look around, f - activate The walls around you are covered in ice.
The wall freezes the gnoll.
The gnoll hits you with a +0 whip!
A wight comes into view. It is wielding a +0 spear.
Unknown command.
You completely miss the gnoll.
The gnoll is heavily wounded.
The wall freezes the gnoll!
You kill the gnoll!
The wall freezes the gnoll.
The gnoll bouda barks out a call to the hunt!
The gnoll picks up the pace!
The bullfrog croaks.
You hear a shout!
The wall freezes the gnoll.
The gnoll hits you from afar with a +0 halberd!
A gnoll comes into view. It is wielding a +0 spear.
A wight comes into view. It is wielding a +0 flail.
The wall freezes the gnoll.
The gnoll hits you from afar with a +0 halberd!
The wall freezes the gnoll bouda!
Unknown command.
The wall freezes the gnoll.
The gnoll hits you from afar with a +0 halberd!
You die... #. .. .#. zgz

#F# #5# #g# #g#
#)# #@#
...#####)#######
................
...####.......##
#...##..###
#..## #....
##..# ###.#
##.##### #
#.....#


You could see a bullfrog, a gnoll bouda, 2 wights, 2 gnolls and a white imp.

Vanquished Creatures
  2 black bears (D:5)
  A scorpion (D:5)
  A wight (D:7)
  A howler monkey (D:4)
  An orc priest (D:4)
  A sleepcap (D:3)
  2 iguanas
  An orc wizard (D:7)
  A gnoll (D:7)
  5 adders
  A shadow imp (D:5)
  2 dart slugs (D:4)
  10 orcs
  8 bats
  6 endoplasms
  4 giant cockroaches
  9 goblins
  7 hobgoblins
  8 jackals
  6 kobolds
  4 quokkas
  12 ball pythons
  5 frilled lizards
  4 rats (D:1)
102 creatures vanquished.

Notes
Turn   | Place    | Note
-------+----------+-------------------------------------------
     0 | D:1      | Zonian the Deep Elf Ice Elementalist began the quest for
                  | the Orb.
     0 | D:1      | Reached XP level 1. HP: 10/10 MP: 6/6
   453 | D:1      | Found a faded altar of an unknown god.
   469 | D:1      | Reached XP level 2. HP: 12/15 MP: 5/8
  1096 | D:1      | Reached XP level 3. HP: 19/19 MP: 3/10
  1537 | D:2      | Reached skill level 5 in Ice Magic
  2227 | D:3      | Learned a level 3 spell: Frozen Ramparts
  2232 | D:3      | Found a shadowy altar of Dithmenos.
  2438 | D:3      | Reached XP level 4. HP: 24/24 MP: 4/12
  2529 | D:3      | Learned a level 3 spell: Ozocubu's Armour
  2891 | D:4      | Reached skill level 5 in Spellcasting
  2891 | D:4      | Found a shimmering altar of Xom.
  2934 | D:4      | Reached XP level 5. HP: 23/28 MP: 11/14
  3880 | D:5      | Entered Level 5 of the Dungeon
  3887 | D:5      | Reached XP level 6. HP: 32/32 MP: 14/17
  4477 | D:5      | Reached XP level 7. HP: 32/36 MP: 15/19
  5145 | D:5      | Found a blossoming altar of Fedhas.
  5151 | D:5      | Learned a level 4 spell: Summon Ice Beast
  5536 | D:6      | You are sucked into a shaft and drop 1 floor!
  5564 | D:7      | Reached skill level 1 in Summonings
  5592 | D:7      | Slain by a gnoll

Illustrated notes

Levels and vault maps discovered:
D:1:      tarquinn_simple_flora_water_e, layout_loops_corners,
          hellmonk_ecumenical_altar_lost_god, minmay_pentomino_o2
D:2:      layout_basic
D:3:      layout_basic, mainiacjoe_overflow_boulevard, serial_glass,
          glass_columns_a, glass_columns_a, minmay_misc_feat_secret_circle
D:4:      layout_cave_pods, mainiacjoe_overflow_brackets, serial_bayou_pond_a
D:5:      layout_basic, fedhas_altar_decomposition, kennysheep_big_empty_room
D:6:      layout_rooms, lemuel_coloured_pillars_altar
D:7:      layout_rooms, nicolae_overflow_hidden_temple, temple_doors_e,
          ebering_ghost_gozag, uniq_crazy_yiuf_cottage

Skill      XL: |  1  2  3  4  5  6  7 |
---------------+----------------------+-----
Spellcasting   | 4 5 6 7 |  7.6
Ice Magic      | 5 6 7 |  7.4
Summonings     | 1 |  1.1
Dodging        | |  2.7
Stealth        | |  2.8

Action                     |  1- 3 |  4- 6 |  7- 9 || total
---------------------------+-------+-------+-------++-------
  Melee: Unarmed           |     7 |       |       ||     7
         Short sword       |     6 |    21 |       ||    27
         Rapier            |       |    12 |    17 ||    29
         Punch             |       |     1 |     1 ||     2
  Throw: Dart              |       |     2 |       ||     2
   Cast: Freeze            |    78 |    60 |       ||   138
         Frozen Ramparts   |       |     3 |     3 ||     6
         Ozocubu's Armour  |       |     1 |       ||     1
    Use: Scroll            |       |     8 |       ||     8
         Potion            |       |       |     1 ||     1
   Stab: Sleeping          |       |     5 |       ||     5
 Armour: Robe              |    20 |    22 |     2 ||    44
  Dodge: Dodged            |    59 |    50 |     7 ||   116

Table legend: (Time is in decaauts)
 A = Elapsed time spent in this place.
 B = Non-inter-level travel time spent in this place.
 C = Inter-level travel time spent in this place.
 D = Time resting spent in this place.
 E = Time spent auto-exploring this place.
 F = Levels seen in this place.
 G = Mean time per level.
                   A        B        C        D        E       F      G
               +--------+--------+--------+--------+--------+-----+--------+
         Total |   5594 |   5432 |    162 |    530 |   3982 |   7 |  799.1 |
       Dungeon |   5594 |   5432 |    162 |    530 |   3982 |   7 |  799.1 |
               +--------+--------+--------+--------+--------+-----+--------+

Top non-repeatable levels by time:
     D:5: 1656 daAuts
     D:1: 1388 daAuts
     D:4: 1074 daAuts
     D:3: 749 daAuts
     D:2: 665 daAuts
     D:7: 58 daAuts
     D:6: 1 daAuts
